 Dungeon Crawl Stone Soup version 0.32-a0-422-g28b100f (webtiles) character file.

Game seed: 3397029740896187578

100 Nithhogg the Covered (level 4, -9/40 HPs)
             Began as a Mountain Dwarf Fighter on Feb 21, 2024.
             Killed by nerve-wracking pain
             ... invoked by Grinder
              (12 damage)
             ... on level 3 of the Dungeon.
             The game lasted 00:03:39 (2003 turns).

Nithhogg the Covered (Mountain Dwarf Fighter)       Turns: 2003, Time: 00:03:40

Health: -9/40      AC:  7    Str: 21    XL:     4   Next: 46%
Magic:  1/1        EV:  9    Int:  8    God:
Gold:   180        SH:  4    Dex:  9    Spells: 3/3 levels left

rFire   . . .        m - +1 spear of Darkness {antimagic, +Blink Will+ SInv}
rCold   . . .        c - +0 buckler
rNeg    . . .        b - +0 scale mail
rPois   .            (no helmet)
rElec   .            (no cloak)
rCorr   .            (no gloves)
SInv    +            (no boots)
Will    +....        (no amulet) Stlth
                     (no ring)
HPRegen 0.26/turn    (no ring)
MPRegen 0.07/turn

%: no passive effects
@: silenced
A: runic magic, artefact enchanting
a: Evoke Blink


You were on level 3 of the Dungeon.
You visited 1 branch of the dungeon, and saw 3 of its levels.

You collected 180 gold pieces.

Inventory:

Hand Weapons
 a - a +0 war axe
 m - the +1 spear of Darkness (weapon) {antimagic, +Blink Will+ SInv}
   (You found it on level 2 of the Dungeon)

   Will+:     It increases your willpower.
   SInv:      It lets you see invisible.
   +Blink:    It lets you blink.
Armour
 b - a +0 scale mail (worn)
 c - a +0 buckler (worn)
Jewellery
 h - an amulet of magic regeneration
Talismans
 g - a dragon-blood talisman
Scrolls
 f - 3 scrolls of identify {unknown}
 j - a scroll of noise {unknown}
 l - a scroll of enchant armour {unknown}
Potions
 i - a potion of curing {unknown}
 k - a potion of attraction {unknown}
 n - a potion of heal wounds {unknown}
 q - a potion of mutation {unknown}


   Skills:
 + Level 4.0 Fighting
 + Level 3.5 Axes
 + Level 4.1 Armour
 + Level 1.3 Dodging
 - Level 3.2 Shields


You had 3 spell levels left.
You didn't know any spells.
Your spell library contained the following spells:

 Spells                   Type           Power      Damage    Failure   Level
 Apportation              Tloc           0%         N/A       56%         1
 Foxfire                  Conj/Fire      0%         2x1d4     56%         1
 Necrotise                Necr           0%         1d4       56%         1
 Sting                    Conj/Alch      0%         1d3       56%         1
 Summon Small Mammal      Summ           0%         N/A       56%         1
 Ensorcelled Hibernation  Hex/Ice        0%         N/A       71%         2
 Jinxbite                 Hex            0%         N/A       71%         2
 Passwall                 Erth           0%         N/A       90%         3
 Swiftness                Air            0%         N/A       90%         3
 Leda's Liquefaction      Alch/Erth      0%         N/A       100%        4
 Alistair's Intoxication  Alch           0%         N/A       100%        5
 Lee's Rapid Deconstruct  Erth           0%         3d4*      100%        5
 Bombard                  Conj/Erth      0%         9d1       100%        6
 Plasma Beam              Fire/Air       0%         2x1d10    100%        6
 Starburst                Conj/Fire      0%         6d3       100%        6


Dungeon Overview and Level Annotations

Branches:
Dungeon (3/15)

Altars:

Shops:
D:2 [

Annotations:
D:3 Grinder


Innate Abilities, Weirdness & Mutations

Your spellcasting is much less encumbered by armour.
You can use scrolls of enchantment on lesser artefacts.


Message History

You hit Grinder.
Grinder's magic leaks into the air.
Grinder is severely wounded.
Grinder hits you!
You writhe in agony.
You hit Grinder.
Grinder's magic leaks into the air.
Grinder is severely wounded.
Grinder hits you but does no damage.
You hit Grinder but do no damage.
Grinder is severely wounded.
Grinder hits you.
You writhe in agony.
* * * LOW HITPOINT WARNING * * *
You barely miss Grinder.
Grinder is severely wounded.
Grinder blinks!
As you read the scroll labelled BUIRALU VOKAH, it crumbles to dust.
It is a scroll of amnesia.
You feel forgetful for a moment.
Grinder's magic is no longer disrupted.
You block Grinder's attack.
As you read the scroll labelled COKHEOPLAQ, it crumbles to dust.
You feel aware of your surroundings.
You sensed 2 altars.
It was a scroll of revelation.
Grinder hits you.
* * * LOW HITPOINT WARNING * * *
You writhe in agony.
* * * LOW HITPOINT WARNING * * *
As you read the scroll labelled ANWAUV KIRCHUETZ, it crumbles to dust.
A profound silence engulfs you.
It was a scroll of silence.
Grinder gestures at you. You resist with almost no effort.
Magic scrolls do not work when you're silenced!
You hit Grinder.
Grinder's magic leaks into the air.
Grinder is almost dead.
Grinder hits you but does no damage.
You closely miss Grinder.
Grinder is almost dead.
Grinder's magic is no longer disrupted.
Grinder hits you but does no damage.
You hit Grinder but do no damage.
Grinder is almost dead.
Grinder blinks!
Grinder gestures at you. Pain shoots through your body!
You die...

*,,,....#****#..........,**,**
****#...# #..........,,,,**
#...#######.))).....,,,,**
###...#........###+******,**
#.....#.....÷..###.,,,,,,,**
#..............####***,,,,,*
#..............#### *,,,,,,
#.....†........#### *,,,,**
#:.........@...#### *,,,,**
#..........÷...#### *,,,,**
#.........##<###### *,,,,,*
#.........######### **,,,,*
#.....5...######### ****,*
#........(#########***** *,*
#.################.,,,,* *,*
*,,,...............***,* *,*
****#############..* *,* *,*


You could see Grinder.

Vanquished Creatures
  2 dart slugs
  A ribbon worm (D:2)
  3 orcs (D:3)
  3 ball pythons
  5 endoplasms
  2 giant cockroaches
  6 goblins
  A hobgoblin (D:2)
  8 jackals (D:1)
  5 kobolds
  4 quokkas
  3 bats
  5 frilled lizards
  2 rats
50 creatures vanquished.

Notes
Turn   | Place    | Note
-------+----------+-------------------------------------------
     0 | D:1      | Nithhogg the Mountain Dwarf Fighter began the quest for the
                  | Orb.
     0 | D:1      | Reached XP level 1. HP: 19/19 MP: 1/1
   264 | D:1      | Reached XP level 2. HP: 26/26 MP: 2/2
   671 | D:1      | Reached XP level 3. HP: 33/33 MP: 3/3
   829 | D:1      | Reached skill level 1 in Dodging
  1092 | D:2      | Identified the +1 spear of Darkness {antimagic, +Blink
                  | Will+ SInv}
  1123 | D:2      | Found Zison's Armour Emporium.
  1167 | D:2      | Found a faded altar of an unknown god.
  1261 | D:2      | Reached XP level 4. HP: 40/40 MP: 1/4
  1808 | D:3      | Noticed Grinder
  1813 | D:3      | Paralysed by Grinder for 5 turns
  1836 | D:3      | HP: 2/40 [Grinder (2)]
  1985 | D:3      | Paralysed by Grinder for 2 turns
  1998 | D:3      | HP: 2/40 [Grinder (6)]
  2003 | D:3      | Killed from afar by Grinder

Illustrated notes

Levels and vault maps discovered:
D:1:      minmay_arrival_widening_spiral_wide, layout_loops_corners
D:2:      minmay_general_purpose_star, layout_basic, serial_shops, shop,
          chequers_ecumenical_altar_simple_redux
D:3:      layout_basic, mainiacjoe_overflow_concentric_impassable,
          marbit_many_paths, uniq_grinder, uniq_terence

Skill      XL: |  1  2  3  4 |
---------------+-------------+-----
Axes           | 3 |  3.5
Dodging        | 1 |  1.3
Fighting       | 4 |  4.0
Armour         | 4 |  4.1
Shields        | |  3.2

Action                     |  1- 3 |  4- 6 || total
---------------------------+-------+-------++-------
  Melee: War axe           |    97 |       ||    97
         Spear             |     8 |    84 ||    92
    Use: Scroll            |       |     3 ||     3
         Potion            |       |     1 ||     1
 Armour: Scale mail        |    73 |    41 ||   114
  Dodge: Dodged            |    59 |    13 ||    72
  Block: Buckler           |    23 |    11 ||    34

Table legend: (Time is in decaauts)
 A = Elapsed time spent in this place.
 B = Non-inter-level travel time spent in this place.
 C = Inter-level travel time spent in this place.
 D = Time resting spent in this place.
 E = Time spent auto-exploring this place.
 F = Levels seen in this place.
 G = Mean time per level.
                   A        B        C        D        E       F      G
               +--------+--------+--------+--------+--------+-----+--------+
         Total |   2045 |   1982 |     63 |    133 |   1438 |   3 |  681.7 |
       Dungeon |   2045 |   1982 |     63 |    133 |   1438 |   3 |  681.7 |
               +--------+--------+--------+--------+--------+-----+--------+

Top non-repeatable levels by time:
     D:1: 1059 daAuts
     D:2: 813 daAuts
     D:3: 172 daAuts
